 Dungeon Crawl Stone Soup version 0.30-a0-965-g42e074c17a (webtiles) character file.

Game seed: 17226391596836775712

9677 soylentgreeen202 the Zephyrmancer (level 11, -4/84 HPs)
             Began as a Demigod Air Elementalist on Mar 11, 2023.
             Shot with an arrow by a centaur warrior (23 damage)
             ... on level 9 of the Dungeon on Mar 31, 2023.
             The game lasted 02:05:41 (18332 turns).

soylentgreeen202 the Zephyrmancer (DgAE)           Turns: 18332, Time: 02:05:42

Health: -4/84      AC: 13    Str:  9    XL:     11   Next: 6%
Magic:  7/22       EV: 15    Int: 25    God:
Gold:   760        SH:  0    Dex: 18    Spells: 3/20 levels left

rFire   + . .      SeeInvis .    O - staff of air
rCold   . . .      Faith    .    (no shield)
rNeg    . . .      Spirit   .    K - +0 steam dragon scales
rPois   .          Reflect  .    o - +2 helmet
rElec   +          Rampage  .    (no cloak)
rCorr   .                        w - +1 pair of gloves
Will    +....                    q - +2 pair of boots
Stlth   +++                      (no amulet)
HPRegen 0.34/turn                J - ring "Vaung" {+Blink Fly rF+}
MPRegen 0.18/turn                (no ring)

@: flying
A: high MP 1, forlorn, divine attributes
a: Evoke Blink


You were on level 9 of the Dungeon.
You visited 1 branch of the dungeon, and saw 10 of its levels.

You collected 760 gold pieces.

Inventory:

Hand Weapons
 d - a +0 dagger
 e - a +5 long sword
 f - a +3 dagger
 g - a +3 dagger of holy wrath
 v - a +1 short sword of electrocution
 B - a +1 whip of draining
 G - a +2 vampiric trident
 I - the +7 spear of Eternal Vigilance {freeze, rF+ rC- rN+}
   (You found it on level 8 of the Dungeon)

   rF:        It protects you from fire.
   rC:        It makes you vulnerable to cold.
   rN:        It protects you from negative energy.
Missiles
 c - 157 stones
 l - 31 poisoned darts
 p - 5 datura-tipped darts
 s - 2 javelins
 E - a throwing net
 P - a boomerang of dispersal
Armour
 j - a scarf of shadows
 o - a +2 helmet (worn)
 q - a +2 pair of boots (worn)
 w - a +1 pair of gloves (worn)
 K - +0 steam dragon scales (worn)
Magical Staves
 L - a staff of fire
 O - a staff of air (weapon)
Jewellery
 J - the ring "Vaung" (left hand) {+Blink Fly rF+}
   (You took it off a centaur on level 9 of the Dungeon)

   [ring of flight]

   rF:        It protects you from fire.
   Fly:       It grants you flight.
   +Blink:    It lets you blink.
 Q - an amulet of the acrobat
Wands
 k - a wand of roots (7)
 D - a wand of polymorph (6)
 M - a wand of flame (2)
Scrolls
 m - 2 scrolls of silence
 r - a scroll of magic mapping
 y - 2 scrolls of identify
 C - a scroll of poison {unknown}
 F - a scroll of acquirement {unknown}
 N - a scroll of brand weapon {unknown}
Potions
 a - a potion of resistance {unknown}
 b - 3 potions of magic
 h - 2 potions of attraction
 i - 2 potions of ambrosia
 n - 6 potions of curing
 t - 3 potions of lignification {unknown}
 u - 4 potions of berserk rage
 x - 3 potions of heal wounds {unknown}
 z - a potion of flight {unknown}
 A - a potion of cancellation {unknown}
 H - a potion of haste {unknown}


   Skills:
 - Level 4.0 Fighting
 - Level 0.3(1.4) Short Blades
 - Level 2.3(2.4) Long Blades
 - Level 5.0(6.0) Polearms
 * Level 4.7(5.8) Staves
 - Level 1.0 Armour
 - Level 6.0 Dodging
 - Level 4.0 Stealth
 - Level 5.0 Spellcasting
 - Level 3.0 Conjurations
 - Level 3.0 Transmutations
 + Level 8.0 Air Magic
 - Level 3.4 Poison Magic
 * Level 4.8 Evocations


You had 3 spell levels left.
You knew the following spells:

 Your Spells              Type           Power      Damage    Failure   Level
a - Shock                 Conj/Air       100%       1d9       1%          1
b - Static Discharge      Conj/Air       100%       2-7/arc   1%          2
c - Poisonous Vapours     Pois/Air       100%       N/A       1%          2
d - Tukima's Dance        Hex            6%         N/A       24%         3
e - Airstrike             Air            31%        2d(5-21)  3%          4
f - Swiftness             Air            63%        N/A       1%          3
g - Wereblood             Tmut           21%        N/A       3%          2

Your spell library contained the following spells:

 Spells                   Type           Power      Damage    Failure   Level
 Sting                    Tmut/Pois      88%        1d7       2%          1
 Kiss of Death            Conj/Necr      52%        2d9       4%          1
 Sublimation of Blood     Necr           6%         N/A       12%         2
 Call Canine Familiar     Summ           6%         N/A       24%         3
 Confusing Touch          Hex            6%         N/A       24%         3
 Portal Projectile        Hex/Tloc       12%        N/A       24%         3
 Olgreb's Toxic Radiance  Pois           23%        N/A       21%         4
 Blade Hands              Tmut           10%        N/A       54%         5
 Dispel Undead            Necr           6%         3d8       63%         4
 Leda's Liquefaction      Hex/Erth       3%         N/A       63%         4
 Summon Hydra             Summ           3%         N/A       100%        7


Dungeon Overview and Level Annotations

Branches:
Dungeon (10/15)            Temple (0/1) D:4             Orc (0/2) D:9
   Lair: D:8-11

Annotations:
D:4 exclusion: downstairs
D:8 exclusions: downstairs and statue
D:10 Lodul


Innate Abilities, Weirdness & Mutations

You have an increased reservoir of magic. (+10% MP)
You shall have no god before yourself.
Your divine heritage dramatically boosts your attributes as you level up.


Message History

Casting: Poisonous Vapours (safe; 1% risk of failure)
Confirm with . or Enter, or press ? or * to list all spells.
Aiming: Poisonous Vapours (safe; 1% risk of failure)
Press: ? - help, Dir - move target, f/p - centaur warrior
Aim: a centaur warrior, wielding a +0 longbow (lightly wounded, extremely poisoned)
You feel a surge of power!
Poisonous vapours surround the centaur warrior!
The centaur warrior looks as sick as possible!
The centaur warrior shoots an arrow.
The arrow hits you.
The centaur warrior shoots an arrow.
The arrow hits you!
Casting: Poisonous Vapours (safe; 1% risk of failure)
Confirm with . or Enter, or press ? or * to list all spells.
Aiming: Poisonous Vapours (safe; 1% risk of failure)
Press: ? - help, Dir - move target, f/p - centaur warrior
Aim: a centaur warrior, wielding a +0 longbow (lightly wounded, extremely poisoned)
You feel a surge of power!
Poisonous vapours surround the centaur warrior!
The centaur warrior looks as sick as possible!
The centaur warrior shoots an arrow.
The arrow misses you.
Casting: Poisonous Vapours (safe; 1% risk of failure)
Confirm with . or Enter, or press ? or * to list all spells.
Aiming: Airstrike (dangerous; 3% risk of failure)
Press: ? - help, Dir - move target, f/p - centaur warrior
Aim: a centaur warrior, wielding a +0 longbow (lightly wounded, extremely poisoned, empty space bonus: 7/8)
You feel a surge of power!
The air twists around and strikes the centaur warrior!
The centaur warrior is moderately wounded.
The centaur warrior shoots an arrow.
The arrow hits you!!
The centaur warrior shoots an arrow.
The arrow hits you!
* * * LOW HITPOINT WARNING * * *
Casting: Airstrike (dangerous; 3% risk of failure)
Confirm with . or Enter, or press ? or * to list all spells.
Aiming: Airstrike (dangerous; 3% risk of failure)
Press: ? - help, Dir - move target, f/p - centaur warrior
Aim: a centaur warrior, wielding a +0 longbow (heavily wounded, extremely poisoned, empty space bonus: 7/8)
You feel a surge of power!
The air twists around and strikes the centaur warrior!
The centaur warrior is heavily wounded.
The centaur warrior shoots an arrow.
The arrow hits you!!
You die...

[......# #..............).#....
.......# #................#....
###....#####..............).#....
..#............##########...#....
..#............# :.#...'...#....
#.##'##........###".#...#...#....
#.....#..#####.#..c.#...#...####'
#.....#..#...#.#....#...#........
#...[.#..'...#.#@####...#........
#.....#..#...#.#........#........
...>).#..#...#.#........#........
...)).#..#...#.#........#........
......#..#...#.##########........
......#..#...'...................
†.....#..#...#..........#####....
......#..#####..........# #....
.######.................# #....


You could see a centaur warrior (extremely poisoned).

Vanquished Creatures
  A boulder beetle (D:9)
  2 two-headed ogres (D:9)
  A manticore (D:9)
  A troll (D:10)
  Grinder (D:5)
  3 hornets
  Sigmund (D:3)
  10 yaks
  Eustachio (D:5)
  A basilisk (D:9)
  Menkaure (D:5)
  4 vampire mosquitoes (D:10)
  2 steam dragons (D:8)
  An acid dragon (D:10)
  8 orc warriors
  3 sky beasts
  2 black bears (D:8)
  5 centaurs
  3 ogres
  5 kobold brigands
  2 bullfrogs
  A scorpion (D:4)
  5 wights (D:4)
  3 lava snakes (D:8)
  2 jellies
  A gnoll bouda (D:6)
  2 hounds (D:5)
  4 orc priests
  An iguana (D:5)
  7 orc wizards
  13 gnolls
  11 adders
  A shadow imp (D:6)
  A white imp (D:7)
  An ufetubus (D:4)
  2 worms
  5 dart slugs
  36 orcs
  7 ball pythons
  4 bats
  9 endoplasms
  10 goblins
  13 hobgoblins
  6 jackals
  52 kobolds
  A quokka (D:3)
  5 frilled lizards (D:3)
  6 rats
267 creatures vanquished.

Vanquished Creatures (others)
  A sky beast (D:8)
1 creature vanquished.

Grand Total: 268 creatures vanquished

Notes
Turn   | Place    | Note
-------+----------+-------------------------------------------
     0 | D:1      | soylentgreeen202 the Demigod Air Elementalist began the
                  | quest for the Orb.
     0 | D:1      | Reached XP level 1. HP: 14/14 MP: 5/5
     0 | D:1      | Upgraded the game from 0.30-a0-870-gc5d4c5acee to
                  | 0.30-a0-883-g5ad918d77d
    50 | D:1      | Reached skill level 1 in Conjurations
   381 | D:1      | Reached XP level 2. HP: 20/20 MP: 1/7
   765 | D:1      | Reached skill level 3 in Air Magic
   980 | D:1      | You fall into a shaft and drop 1 floor!
  1063 | D:1      | Learned a level 2 spell: Static Discharge
  1308 | D:2      | Reached XP level 3. HP: 26/26 MP: 4/8
  2209 | D:2      | Reached XP level 4. HP: 32/33 MP: 0/9
  3636 | D:3      | Reached skill level 4 in Air Magic
  3711 | D:3      | Noticed Sigmund
  3713 | D:3      | Upgraded the game from 0.30-a0-883-g5ad918d77d to
                  | 0.30-a0-965-g42e074c17a
  3870 | D:3      | Learned a level 2 spell: Poisonous Vapours
  3990 | D:3      | Reached XP level 5. HP: 35/38 MP: 7/10
  4121 | D:4      | Learned a level 2 spell: Poisonous Vapours
  4125 | D:4      | Learned a level 3 spell: Tukima's Dance
  4324 | D:4      | Found a staircase to the Ecumenical Temple.
  4600 | D:4      | Reached skill level 5 in Air Magic
  5212 | D:4      | Reached XP level 6. HP: 45/45 MP: 9/11
  5804 | D:4      | Reached skill level 6 in Air Magic
  6131 | D:4      | Reached skill level 1 in Fighting
  6299 | D:4      | Reached XP level 7. HP: 32/55 MP: 3/13
  6713 | D:5      | Entered Level 5 of the Dungeon
  6868 | D:5      | Noticed Grinder
  7006 | D:5      | Noticed Eustachio
  7027 | D:5      | Killed Eustachio
  7314 | D:5      | Killed Grinder
  7315 | D:5      | Reached skill level 7 in Air Magic
  7544 | D:5      | Reached skill level 1 in Poison Magic
  8085 | D:5      | Noticed Menkaure
  8092 | D:5      | Killed Menkaure
  8093 | D:5      | Reached XP level 8. HP: 47/61 MP: 8/14
  8515 | D:6      | Reached skill level 8 in Air Magic
  9127 | D:6      | Reached skill level 5 in Dodging
  9682 | D:6      | Learned a level 4 spell: Airstrike
  9686 | D:6      | Learned a level 3 spell: Swiftness
 10372 | D:6      | Reached XP level 9. HP: 56/67 MP: 14/19
 11672 | D:8      | Reached skill level 1 in Long Blades
 12257 | D:8      | Reached skill level 5 in Spellcasting
 12874 | D:8      | Identified the +7 spear of Eternal Vigilance {freeze, rF+
                  | rC- rN+}
 12996 | D:8      | Reached skill level 1 in Polearms
 13214 | D:8      | Reached skill level 1 in Armour
 13292 | D:8      | Learned a level 2 spell: Wereblood
 13838 | D:9      | Noticed a manticore
 13843 | D:9      | Reached skill level 1 in Transmutations
 14430 | D:9      | Noticed a boulder beetle
 14491 | D:9      | Reached XP level 10. HP: 74/78 MP: 9/21
 14675 | D:9      | Noticed a two-headed ogre
 14699 | D:9      | Killed a two-headed ogre
 14704 | D:9      | Identified the ring "Vaung" {+Blink Fly rF+}
 14869 | D:3      | Killed Sigmund
 15757 | D:9      | Paralysed by a hornet for 2 turns
 15949 | D:9      | Reached skill level 5 in Polearms
 16142 | D:9      | Noticed a two-headed ogre
 16153 | D:9      | Killed a two-headed ogre
 16706 | D:9      | Killed a boulder beetle
 16727 | D:9      | Noticed a centaur warrior
 16727 | D:9      | Noticed a centaur warrior
 16861 | D:10     | Entered Level 10 of the Dungeon
 17571 | D:9      | Killed a manticore
 17572 | D:9      | Reached XP level 11. HP: 60/84 MP: 7/22
 18104 | D:10     | Noticed Lodul
 18229 | D:9      | Found a staircase to the Orcish Mines.
 18332 | D:9      | Shot with an arrow by a centaur warrior

Illustrated notes

Levels and vault maps discovered:
D:1:      zaba_arrival_water, layout_basic,
          chequers_ecumenical_altar_simple_redux, grunt_decor_junction
D:2:      minmay_spotlight, layout_basic
D:3:      minmay_bubble_buster, layout_basic, uniq_sigmund
D:4:      minmay_goblin_kobold_castle, layout_gridville,
          minmay_temple_entry_overgrown
D:5:      layout_loops_ring, lemuel_tele_altar, evilmike_ruin_ashenzari,
          uniq_eustachio, uniq_grinder, uniq_menkaure
D:6:      layout_gridville
D:7:      layout_cave_pools, chequers_temple_overflow_statue_of_worship,
          serial_column_ruins, column_ruins_square_medium, column_ruins_grid_1,
          column_ruins_grid_2, column_ruins_columns_corner, column_ruins_grid_1,
          grunt_ogre_cave
D:8:      layout_loops_ring, vehumet_statue, supply_closet_lemuel,
          nrook_campfire, kennysheep_cross_room, minmay_chambers_of_fives
D:9:      minmay_shrinking_squares, layout_irregular_city, david_orc_4,
          due_unseen_surprise
D:10:     layout_rooms, uniq_joseph, uniq_lodul

Skill      XL: |  1  2  3  4  5  6  7  8  9 10 |
---------------+-------------------------------+-----
Conjurations   | 1 2 3 |  3.0
Stealth        | 2 4 |  4.0
Dodging        | 2 3 4 5 6 |  6.0
Spellcasting   | 2 4 5 |  5.0
Air Magic      | 3 4 5 6 7 8 |  8.0
Fighting       | 2 4 |  4.0
Poison Magic   | 2 3 |  3.4
Long Blades    | 2 |  2.3
Polearms       | 2 5 |  5.0
Armour         | 1 |  1.0
Transmutations | 1 3 |  3.0
Staves         | 4 |  4.7
Evocations     | 4 |  4.8
Short Blades   | |  0.3

Action                     |  1- 3 |  4- 6 |  7- 9 | 10-12 || total
---------------------------+-------+-------+-------+-------++-------
  Melee: Unarmed           |     3 |       |       |       ||     3
         Dagger            |       |     7 |    59 |       ||    66
         Punch             |       |       |     1 |       ||     1
         Spear             |       |       |     3 |     6 ||     9
         Staff             |       |       |       |    74 ||    74
   Cast: Shock             |    89 |   152 |   168 |    51 ||   460
         Static Discharge  |     5 |    26 |    24 |    26 ||    81
         Poisonous Vapours |       |     9 |    90 |    45 ||   144
         Airstrike         |       |       |    10 |    25 ||    35
         Swiftness         |       |       |     3 |       ||     3
    Use: Scroll            |       |    12 |     3 |     1 ||    16
         Potion            |       |       |     3 |       ||     3
   Stab: Sleeping          |       |     1 |     6 |       ||     7
 Armour: Robe              |     3 |    25 |    28 |       ||    56
         Steam dragon scal |       |       |     7 |    48 ||    55
         Leather armour    |       |       |     7 |       ||     7
  Dodge: Dodged            |    18 |    44 |   139 |    74 ||   275

Table legend: (Time is in decaauts)
 A = Elapsed time spent in this place.
 B = Non-inter-level travel time spent in this place.
 C = Inter-level travel time spent in this place.
 D = Time resting spent in this place.
 E = Time spent auto-exploring this place.
 F = Levels seen in this place.
 G = Mean time per level.
                   A        B        C        D        E       F      G
               +--------+--------+--------+--------+--------+-----+--------+
         Total |  18363 |  16979 |   1384 |   7664 |   3920 |  10 | 1836.3 |
       Dungeon |  18363 |  16979 |   1384 |   7664 |   3920 |  10 | 1836.3 |
               +--------+--------+--------+--------+--------+-----+--------+

Top non-repeatable levels by time:
     D:4: 3194 daAuts
     D:9: 3121 daAuts
     D:5: 2065 daAuts
     D:8: 2049 daAuts
     D:6: 1825 daAuts
     D:3: 1643 daAuts
     D:2: 1409 daAuts
     D:1: 1387 daAuts
     D:7: 1267 daAuts
    D:10: 400 daAuts
